Map: Heavy Artillery LE

Players

Ekelpack

  • Race: Zerg Zerg
  • Spawn Location: 1:00

Nyck

  • Race: Terran Terran
  • Spawn Location: 3:00

Bulkac

  • Race: Protoss Protoss
  • Spawn Location: 7:00

KillEmAll

  • Race: Terran Terran
  • League: Platinum
  • Spawn Location: 7:00

VOD

Have the link to the VOD?

Description

Time

  • Played on: Nov. 1, 2020, 11:05 a.m.
  • Length: 23:34
Show
View Real Time Build Order
Export as new Build Order

Ekelpack Zerg 

Build Orders: Hatch First 

Get SALT Encoding   

  12  0:00  Drone  
  13  0:10  Drone  
  14  0:17  Overlord  
  14  0:25  Extractor  
  14  0:26  Drone  
  15  0:29  Extractor  
  15  0:38  Drone x2  
  17  0:53  Hatchery  
  17  0:56  Drone  
  17  1:00  Drone  
  18  1:15  Spawning Pool  
  18  1:16  Drone  
  18  1:23  Drone  
  19  1:28  Drone  
  19  1:32  Extractor  
  19  1:38  Overlord  
  19  1:48  Drone  
  20  2:02  Queen  
  20  2:07  Queen  
  24  2:15  Drone x2  
  26  2:21  Drone  
  27  2:23  Drone x2  
  29  2:31  Overlord  
  29  2:41  Lair  
  29  2:48  Drone x2  
  29  2:49  Drone  
  32  2:54  Drone  
  32  2:55  Drone  
  32  2:58  Extractor  
  33  2:59  Overlord, Extractor  
  32  3:06  Drone  
  32  3:09  Queen  
  32  3:11  Drone  
  36  3:15  Drone x3  
  39  3:24  Drone x2  
  39  3:25  Drone  
  42  3:33  Drone  
  43  3:35  Drone x2  
  43  3:40  Drone  
  46  3:43  Spire  
  45  3:49  Extractor  
  45  3:51  Hatchery  
  45  3:53  Drone  
  45  3:54  Drone  
  45  4:11  Overlord  
  45  4:12  Overlord  
  45  4:17  Drone  
  46  4:30  Zergling x4  
  46  4:31  Zergling x6, Overlord x2  
  51  4:49  Metabolic Boost  
  51  4:54  Mutalisk x6  
  63  5:14  Zerg Flyer Weapons Level 1  
  62  5:31  Overlord x2  
  62  5:46  Mutalisk x5  
  62  5:48  Zergling x4  
  62  5:49  Zergling x12  
  80  5:50  Hatchery  
  79  6:19  Drone x2  
  79  6:24  Infestation Pit  
  80  6:27  Overseer  
  80  6:54  Overlord  
  80  6:57  Drone x5  
  80  6:58  Drone x6  
  80  6:59  Drone x5  
  96  7:04  Queen  
  98  7:11  Zerg Flyer Weapons Level 2  
  98  7:32  Extractor  
  98  7:34  Extractor  
  96  7:50  Overlord x3  
  96  8:03  Mutalisk x3  
  96  8:04  Corruptor x7  
  96  8:05  Corruptor x2  
  120  8:07  Overlord x4  
  120  8:17  Zergling x14  
  120  8:18  Zergling x2  
  128  8:31  Hive  
  124  9:04  Zergling x2  
  124  9:05  Zergling x4  
  124  9:09  Evolution Chamber  
  126  9:14  Zergling x4  
  126  9:15  Zergling x16  
  126  9:16  Zergling x16  
  126  9:17  Zergling x4  
  145  9:18  Overlord x2  
  146  9:25  Zergling x8  
  146  9:26  Corruptor x2  
  154  9:36  Zerg Melee Weapons Level 1  
  154  9:40  Drone x2  
  154  9:44  Adrenal Glands  
  156  9:56  Greater Spire  
  156  10:09  Hatchery  
  155  10:25  Corruptor x4  
  155  10:26  Corruptor  
  165  10:34  Corruptor x2  
  165  10:35  Corruptor x3  
  173  10:49  Corruptor x3  
  173  10:51  Overlord  
  179  11:02  Corruptor x2  
  179  11:03  Corruptor  
  185  11:27  Corruptor x5  
  195  11:45  Mutalisk x2  
  199  11:48  Zerg Flyer Weapons Level 3  
  199  11:50  Zerg Melee Weapons Level 2  
  199  12:10  Extractor  
  199  12:11  Drone x2  
  199  12:12  Extractor  
  199  12:35  Overlord  
  199  12:36  Zergling x2  
  200  12:42  Hatchery  
  157  13:12  Corruptor x7  
  155  13:13  Corruptor  
  155  13:14  Mutalisk x3  
  155  13:15  Mutalisk x4  
  155  13:19  Zergling x2  
  181  13:20  Zergling x14  
  181  13:21  Zergling x2  
  177  13:46  Zergling x10  
  156  13:57  Brood Lord x4  
  156  13:58  Brood Lord  
  156  13:59  Zergling x2  
  156  14:00  Zergling x14  
  156  14:01  Zergling x6  
  177  14:10  Zerg Melee Weapons Level 3  
  177  14:16  Zergling x12  
  183  14:17  Zergling x2  
  184  14:31  Zerg Flyer Armor Level 1  
  182  15:21  Zergling x8  
  184  15:22  Corruptor x5  
  196  15:42  Corruptor x2, Mutalisk  
  194  15:43  Corruptor  
  200  15:50  Extractor  
  200  15:52  Extractor  
  198  16:07  Brood Lord  
  160  16:55  Corruptor  
  160  16:56  Corruptor x6  
  158  17:19  Mutalisk x2  
  158  17:20  Zergling x2, Corruptor x9, Mutalisk  
  158  17:21  Corruptor  
  152  17:45  Brood Lord x3  
  146  18:03  Brood Lord x2  
  150  18:14  Brood Lord  
  152  18:29  Brood Lord  
  154  18:43  Brood Lord x2  
  141  19:30  Brood Lord x3  
  141  19:31  Brood Lord x2  
  132  19:50  Brood Lord  
  92  21:33  Zergling x8  
  92  21:34  Zergling x12  
  92  21:36  Brood Lord x4  
  92  21:37  Brood Lord x2  
  92  21:39  Zergling x14  
  122  21:40  Zergling x12  
  122  21:41  Zergling x8  
  117  22:40  Zergling x6  
  117  22:41  Zergling x12  
  117  22:42  Zergling x12  
  74  23:12  Zergling x2  
Show
View Real Time Build Order
Export as new Build Order

Nyck Terran 

Build Orders:  

Get SALT Encoding   

  12  0:00  SCV  
  13  0:12  SCV  
  14  0:25  SCV  
  14  0:26  Supply Depot  
  15  0:47  SCV  
  16  0:50  Barracks  
  16  0:52  Supply Depot  
  16  1:00  SCV  
  16  1:02  Refinery  
  17  1:05  Refinery  
  17  1:31  Barracks  
  17  1:36  Orbital Command  
  17  1:40  Marine  
  18  1:52  Barracks  
  18  2:04  SCV  
  19  2:10  Barracks  
  19  2:16  SCV  
  19  2:21  Reaper  
  21  2:26  Reaper  
  21  2:28  SCV  
  22  2:40  SCV  
  21  2:53  SCV  
  22  2:59  Reaper x2  
  22  3:00  Reaper  
  22  3:05  SCV  
  26  3:18  SCV  
  27  3:26  Supply Depot  
  27  3:30  SCV  
  28  3:43  SCV  
  28  3:47  Barracks Tech Lab x3  
  29  3:51  Barracks Reactor  
  29  4:21  Marauder x3  
  35  4:38  SCV  
  35  4:40  Command Center  
  35  4:41  Concussive Shells  
  35  4:42  Combat Shield  
  35  4:43  Stimpack  
  35  4:45  Marauder  
  37  4:48  Marauder  
  39  4:53  Supply Depot  
  39  5:14  SCV  
  39  5:15  Marauder x3  
  46  5:51  SCV  
  47  5:57  Engineering Bay  
  47  6:02  Marauder x3  
  53  6:11  Orbital Command  
  46  6:29  Marine  
  46  6:30  Marine x4  
  43  6:48  SCV  
  43  6:50  SCV  
  45  6:56  Missile Turret  
  45  7:00  SCV  
  46  7:02  SCV  
  47  7:12  SCV  
  47  7:14  SCV  
  49  7:16  Missile Turret  
  49  7:18  Marine  
  50  7:24  SCV  
  50  7:26  SCV  
  52  7:36  SCV  
  53  7:38  SCV  
  53  7:39  Marine  
  55  7:45  Terran Infantry Weapons Level 1  
  55  7:48  SCV, Missile Turret  
  55  7:51  SCV  
  57  8:04  SCV  
  58  8:16  SCV  
  59  8:26  SCV  
  60  8:28  SCV  
  61  8:36  Engineering Bay  
  61  8:38  SCV  
  61  8:40  SCV  
  61  8:41  Marine  
  64  8:42  Marine x3  
  64  8:45  Missile Turret  
  67  8:49  Missile Turret x2  
  67  8:50  SCV  
  67  8:52  SCV  
  67  8:55  Missile Turret  
  69  9:02  SCV  
  70  9:10  Supply Depot  
  70  9:15  Terran Infantry Armor Level 1  
  70  9:18  Factory  
  70  9:32  SCV, Marauder x3  
  70  9:33  Marine  
  70  9:34  Supply Depot  
  78  9:38  Marine  
  78  9:44  SCV  
  80  9:56  SCV  
  80  9:57  Supply Depot  
  80  9:58  Refinery  
  81  10:01  Refinery  
  81  10:08  SCV  
  81  10:10  SCV  
  81  10:13  Marauder x3  
  89  10:15  Marine x2  
  89  10:20  SCV  
  92  10:23  SCV  
  93  10:33  SCV  
  93  10:34  Marauder x3  
  93  10:35  SCV  
  101  10:36  Marine  
  102  10:53  Starport  
  102  10:54  Starport  
  102  10:58  Starport  
  102  11:01  Marine  
  102  11:02  SCV  
  102  11:03  SCV  
  102  11:07  Supply Depot  
  102  11:14  SCV  
  102  11:15  SCV  
  102  11:17  Armory  
  104  11:27  SCV  
  104  11:31  Starport x2  
  105  11:34  Starport  
  105  11:38  Starport Tech Lab x3  
  105  11:39  SCV  
  106  11:51  SCV  
  107  11:55  Fusion Core  
  107  12:00  Command Center  
  107  12:04  Command Center  
  107  12:12  Starport x2  
  107  12:13  Starport  
  107  12:14  Starport Tech Lab x2  
  107  12:20  SCV  
  108  12:32  SCV  
  108  12:33  Supply Depot  
  109  12:37  Starport Tech Lab  
  109  12:39  Terran Vehicle And Ship Armor Level 1  
  109  12:44  SCV, Battlecruiser x2  
  122  12:55  Battlecruiser  
  128  13:16  Orbital Command  
  128  13:17  Refinery  
  128  13:19  Orbital Command  
  128  13:22  Refinery  
  128  13:23  SCV x2  
  130  13:34  Starport Tech Lab x2  
  130  13:35  SCV  
  131  13:44  Starport Tech Lab  
  131  13:55  Battlecruiser, Command Center  
  137  14:01  Battlecruiser  
  143  14:16  SCV  
  144  14:19  Battlecruiser  
  150  14:28  SCV  
  151  14:32  Battlecruiser  
  151  14:38  Terran Vehicle And Ship Armor Level 2  
  157  14:40  SCV  
  158  14:52  SCV  
  159  14:53  Refinery  
  159  14:59  Battlecruiser  
  171  15:00  Battlecruiser  
  171  15:04  SCV  
  172  15:09  SCV  
  173  15:14  Refinery  
  173  15:16  SCV  
  174  15:21  SCV  
  174  15:28  SCV  
  174  15:33  SCV  
  148  15:38  Battlecruiser x2  
  160  15:50  Weapon Refit  
  160  16:05  Supply Depot  
  160  16:23  Battlecruiser  
  172  16:25  Battlecruiser  
  172  16:27  Supply Depot  
  166  17:19  Battlecruiser x2  
  124  17:31  Battlecruiser  
  124  17:41  Orbital Command  
  124  17:45  Refinery  
  124  17:49  Battlecruiser  
  130  18:05  Battlecruiser  
  115  18:22  Battlecruiser  
  121  18:27  SCV  
  107  18:39  SCV  
  107  18:49  Refinery  
  107  18:51  SCV  
  107  18:52  SCV  
  96  19:03  SCV  
  76  19:15  SCV  
  61  19:27  SCV  
  46  20:21  Marauder  
  46  20:22  Marauder x2  
  28  20:43  Marauder x3  
  34  21:03  Orbital Command  
  22  21:13  Marauder  
  22  21:14  Marauder x2  
  22  21:28  Marine  
  22  21:29  Marine  
  24  21:35  Marauder x3  
  30  21:46  Marine x2  
  31  21:56  Marauder x3  
  37  22:04  Marine  
  38  22:16  Marine  
  38  22:18  Marauder x3  
  38  22:22  Marine  
  40  22:39  Marauder x3  
  36  23:00  Marauder x2  
  24  23:05  Marauder  
  24  23:07  Marine  
  24  23:08  Marine  
Show
View Real Time Build Order
Export as new Build Order

Bulkac Protoss 

Build Orders: Carriers 

Get SALT Encoding   

  12  0:02  Probe (Chrono Boost)  
  13  0:12  Probe (Chrono Boost)  
  14  0:22  Probe  
  14  0:27  Pylon  
  15  0:35  Assimilator  
  15  0:45  Probe  
  16  0:54  Assimilator  
  17  0:57  Probe  
  17  1:07  Gateway  
  17  1:24  Gateway  
  17  1:28  Probe (Chrono Boost)  
  18  1:38  Probe (Chrono Boost)  
  18  1:39  Pylon  
  19  1:43  Probe (Chrono Boost)  
  20  1:56  Cybernetics Core  
  20  2:00  Probe  
  22  2:15  Probe  
  22  2:19  Nexus  
  22  2:37  Stargate  
  22  2:38  Adept  
  24  2:44  Adept  
  24  2:48  Warp Gate (Chrono Boost)  
  26  2:53  Probe (Chrono Boost)  
  27  3:02  Probe (Chrono Boost)  
  28  3:07  Probe (Chrono Boost)  
  28  3:08  Adept  
  31  3:28  Pylon  
  31  3:32  Assimilator, Pylon  
  31  3:35  Probe (Chrono Boost)  
  33  3:44  Probe x2 (Chrono Boost)  
  34  3:49  Probe (Chrono Boost)  
  34  3:52  Probe  
  32  4:16  Probe (Chrono Boost)  
  34  4:26  Probe x2 (Chrono Boost)  
  34  4:29  Stalker  
  37  4:32  Stalker, Probe  
  40  4:44  Probe (Chrono Boost)  
  42  4:49  Nexus  
  42  4:50  Probe (Chrono Boost)  
  43  4:53  Assimilator  
  43  4:54  Probe (Chrono Boost)  
  43  4:55  Fleet Beacon  
  43  4:56  Stargate  
  43  4:58  Probe (Chrono Boost)  
  44  5:08  Robotics Facility, Probe  
  45  5:21  Phoenix (Chrono Boost)  
  45  5:26  Stalker x2  
  49  5:29  Probe  
  50  5:41  Probe, Pylon  
  50  5:42  Shield Battery  
  51  5:45  Forge  
  51  5:47  Probe  
  52  5:50  Assimilator  
  52  5:51  Phoenix x2  
  56  6:00  Probe (Chrono Boost)  
  56  6:03  Shield Battery  
  57  6:08  Shield Battery  
  57  6:09  Probe (Chrono Boost)  
  58  6:18  Probe x2 (Chrono Boost)  
  61  6:19  Probe (Chrono Boost)  
  61  6:24  Photon Cannon  
  63  6:25  Probe (Chrono Boost)  
  63  6:26  Photon Cannon  
  63  6:27  Probe (Chrono Boost)  
  63  6:30  Probe (Chrono Boost), Photon Cannon  
  64  6:37  Pylon  
  64  6:38  Photon Cannon  
  65  6:42  Probe (Chrono Boost)  
  65  6:44  Probe (Chrono Boost)  
  65  6:45  Assimilator  
  66  6:47  Probe (Chrono Boost), Phoenix  
  66  6:49  Phoenix  
  66  6:50  Probe  
  72  7:02  Protoss Ground Armor Level 1 (Chrono Boost)  
  72  7:16  Protoss Air Weapons Level 1  
  70  7:33  Probe (Chrono Boost)  
  71  7:41  Pylon  
  71  7:43  Probe (Chrono Boost)  
  71  7:44  Photon Cannon  
  72  7:52  Stargate  
  72  7:53  Stargate  
  72  7:59  Photon Cannon  
  72  8:01  Probe (Chrono Boost), Photon Cannon  
  72  8:02  Shield Battery  
  73  8:05  Pylon  
  73  8:09  Pylon  
  73  8:11  Stalker, Probe (Chrono Boost)  
  73  8:12  Stalker  
  78  8:16  Probe (Chrono Boost)  
  79  8:34  Photon Cannon  
  79  8:35  Carrier (Chrono Boost)  
  79  8:38  Photon Cannon  
  79  8:40  Shield Battery  
  103  8:42  Carrier x3 (Chrono Boost)  
  93  9:03  Stalker x2  
  97  9:34  Photon Cannon  
  115  9:42  Carrier x3 (Chrono Boost)  
  115  9:44  Pylon  
  115  9:45  Pylon  
  115  10:02  Carrier  
  121  10:21  Protoss Shields Level 1 (Chrono Boost)  
  121  10:24  Protoss Air Weapons Level 2 (Chrono Boost)  
  121  10:47  Carrier x2  
  121  10:48  Nexus  
  133  10:50  Pylon  
  133  10:52  Pylon  
  132  11:09  Carrier  
  132  11:10  Carrier  
  144  11:12  Stalker x2  
  146  11:29  Assimilator  
  146  11:32  Photon Cannon  
  146  11:34  Photon Cannon  
  146  11:35  Probe (Chrono Boost), Pylon, Photon Cannon  
  146  11:36  Shield Battery  
  146  11:37  Shield Battery  
  146  11:38  Pylon x2  
  147  11:43  Photon Cannon  
  147  11:45  Probe (Chrono Boost), Photon Cannon  
  148  11:54  Probe  
  148  11:55  Probe x2  
  151  12:06  Probe  
  151  12:07  Probe x2  
  154  12:26  Tempest x4  
  154  12:27  Twilight Council  
  174  12:48  Protoss Air Armor Level 1 (Chrono Boost)  
  174  12:49  Probe  
  175  12:52  Assimilator  
  175  12:55  Assimilator  
  145  12:58  Photon Cannon x2  
  145  13:01  Probe  
  102  13:08  Tempest  
  102  13:09  Tempest  
  94  13:13  Probe  
  95  13:29  Gateway  
  95  13:30  Gateway  
  95  13:31  Gateway  
  95  13:32  Gateway  
  95  13:53  Probe (Chrono Boost)  
  98  14:03  Probe x2 (Chrono Boost)  
  98  14:08  Probe (Chrono Boost)  
  98  14:09  Gateway, Probe  
  99  14:13  Dark Shrine  
  100  14:21  Probe  
  101  14:27  Gateway  
  101  14:28  Protoss Ground Weapons Level 1 (Chrono Boost)  
  101  14:30  Gateway  
  101  14:32  Gateway  
  101  14:43  Carrier x4  
  125  14:54  Photon Cannon  
  125  14:56  Photon Cannon  
  125  14:57  Photon Cannon  
  125  14:59  Photon Cannon  
  125  15:01  Charge (Chrono Boost)  
  125  15:04  Photon Cannon  
  125  15:07  Photon Cannon  
  125  15:09  Photon Cannon  
  125  15:15  Photon Cannon  
  125  15:17  Photon Cannon  
  125  15:20  Zealot x2  
  129  15:21  Zealot x2  
  129  15:22  Zealot x2  
  137  15:32  Zealot x2  
  137  15:33  Zealot  
  143  15:51  Carrier x4  
  167  16:24  Nexus  
  167  16:25  Assimilator, Stalker x2  
  171  16:26  Stalker  
  171  16:27  Stalker x2  
  171  16:28  Stalker, Pylon  
  171  16:29  Stalker  
  171  16:30  Pylon  
  171  16:32  Assimilator  
  95  17:25  Dark Templar x6  
  95  17:26  Dark Templar x2  
  95  17:27  Dark Templar  
  113  17:53  Probe (Chrono Boost)  
  114  18:02  Probe (Chrono Boost)  
  114  18:04  Probe (Chrono Boost)  
  117  18:06  Probe (Chrono Boost)  
  117  18:07  Probe (Chrono Boost)  
  117  18:12  Probe  
  119  18:16  Probe  
  120  18:24  Probe  
  121  18:27  Dark Templar x2  
  121  18:28  Dark Templar  
  121  18:29  Dark Templar x5  
  121  18:30  Dark Templar  
  139  18:57  Nexus  
  139  18:59  Assimilator, Pylon x2  
  139  19:00  Assimilator  
  97  20:52  Dark Templar  
  97  20:53  Dark Templar x6  
  97  20:54  Dark Templar x2  
  115  21:36  Dark Templar x2  
  115  21:38  Dark Templar x4  
  127  21:40  Dark Templar  
  129  22:05  Nexus  
  129  22:07  Assimilator  
  129  22:10  Assimilator  
  129  22:14  Dark Templar x2  
  129  22:15  Dark Templar  
  113  23:19  Probe (Chrono Boost)  
  120  23:23  Dark Templar x5  
Show
View Real Time Build Order
Export as new Build Order

KillEmAll Terran 

Build Orders:  

Get SALT Encoding   

  12  0:01  SCV  
  13  0:21  Supply Depot  
  13  0:25  SCV  
  14  0:37  SCV  
  14  0:39  Refinery  
  15  0:43  Barracks  
  15  0:49  SCV  
  16  1:01  SCV  
  16  1:03  Refinery  
  17  1:13  SCV  
  19  1:25  SCV  
  19  1:32  Reaper  
  20  1:33  Supply Depot  
  20  1:37  SCV  
  21  1:49  SCV  
  22  1:57  Factory  
  22  2:01  Supply Depot  
  22  2:02  SCV  
  22  2:06  Marine  
  24  2:14  SCV  
  25  2:23  Marine  
  25  2:28  Refinery  
  25  3:07  Factory Tech Lab  
  25  3:09  Command Center  
  25  3:15  Starport x2  
  25  3:17  Orbital Command  
  25  3:27  Siege Tank  
  28  3:55  Starport Tech Lab x2  
  28  4:04  Hellion  
  30  4:17  Banshee  
  30  4:21  Banshee  
  36  4:25  Hellion  
  36  4:29  Cloaking Field  
  38  4:33  SCV  
  38  4:37  SCV  
  40  4:46  Hellion  
  40  4:49  SCV  
  43  5:01  SCV  
  47  5:24  Engineering Bay  
  47  5:25  Viking  
  47  5:26  Viking  
  51  5:31  Cyclone  
  51  5:37  Marine  
  51  5:42  Orbital Command  
  52  5:52  Missile Turret  
  52  5:55  Viking  
  52  5:56  Missile Turret  
  54  6:13  Missile Turret  
  54  6:43  SCV x2, Marine  
  51  6:56  SCV x2  
  53  7:01  Marine  
  53  7:06  Missile Turret  
  53  7:08  Hi-Sec Auto Tracking, Refinery  
  54  7:24  Armory  
  54  7:28  Missile Turret  
  54  7:47  Supply Depot  
  54  7:56  Marine  
  54  7:57  SCV x2, Siege Tank  
  60  8:09  SCV x2  
  60  8:10  Fusion Core  
  60  8:11  Supply Depot  
  62  8:13  Armory  
  62  8:14  Marine  
  63  8:21  SCV x2  
  63  8:26  Terran Vehicle And Ship Armor Level 1  
  65  8:28  Thor  
  65  8:33  SCV x2  
  73  8:34  Supply Depot  
  73  8:45  SCV x2  
  75  8:52  Factory  
  75  8:58  Missile Turret  
  75  9:00  Starport Reactor  
  75  9:07  Infernal Pre-Igniter  
  75  9:11  Thor  
  75  9:16  SCV, Missile Turret  
  75  9:17  SCV  
  83  9:28  SCV, Terran Vehicle Weapons Level 1  
  83  9:29  SCV, Command Center  
  85  9:36  Factory x2  
  85  9:37  Factory Tech Lab  
  85  9:39  Viking  
  85  9:40  Viking  
  85  9:41  SCV  
  90  10:09  Sensor Tower, Viking  
  90  10:10  Viking  
  94  10:21  Factory Tech Lab  
  94  10:25  Terran Vehicle And Ship Armor Level 2  
  94  10:41  Viking  
  96  10:48  Thor  
  96  10:49  Thor  
  108  10:57  Missile Turret  
  108  10:58  Missile Turret x3  
  108  10:59  Missile Turret  
  108  11:18  Missile Turret  
  108  11:19  Missile Turret  
  108  11:39  Missile Turret  
  108  11:42  Refinery  
  108  11:56  Terran Vehicle Weapons Level 2  
  108  11:59  Missile Turret  
  108  12:01  Refinery  
  108  12:08  Smart Servos  
  108  12:19  Missile Turret  
  108  12:20  Supply Depot  
  108  12:28  Planetary Fortress  
  108  12:41  Supply Depot, Viking  
  108  12:42  Hellbat  
  108  12:43  Supply Depot  
  114  12:50  Raven  
  114  13:03  Thor  
  114  13:04  Thor  
  126  13:06  Supply Depot  
  126  13:17  Hellbat  
  126  13:18  Hellbat  
  130  13:22  Viking  
  132  13:29  Supply Depot  
  132  13:31  SCV x2  
  132  13:32  SCV  
  135  13:39  Hellbat x2  
  139  13:43  SCV x2  
  141  13:51  SCV, Hellbat x2  
  141  13:52  Supply Depot  
  146  13:55  SCV  
  146  14:00  Hellbat  
  149  14:12  Terran Ship Weapons Level 1  
  149  14:13  Viking x2  
  149  14:14  Terran Vehicle And Ship Armor Level 3, Hellbat x2  
  149  14:15  Supply Depot  
  157  14:37  Hellbat x3, Missile Turret, Viking  
  165  15:06  Viking x2  
  173  15:07  Viking, Hellbat x4  
  179  15:28  Thor, Hellbat  
  185  15:29  Hellbat  
  187  15:36  Viking  
  189  15:57  Supply Depot  
  189  16:05  Thor, Viking  
  189  16:06  Viking  
  199  16:20  Supply Depot  
  196  17:15  Thor  
  134  17:36  Thor x2  
  134  17:37  Thor  
  147  17:58  Thor  
  153  18:19  Thor x3  
  171  18:39  Viking x3  
  177  18:41  Thor  
  183  19:02  Thor x3  
  186  19:09  Viking x3  
  166  19:24  Thor  
  156  19:39  Viking x3  
  156  19:45  Thor x3  
  135  20:07  Thor  
  135  20:08  Viking  
  135  20:09  Viking x2  
  147  20:28  Thor x3  
  165  20:38  Viking  
  165  20:39  Viking  
  169  20:45  Thor x3  
  169  20:47  Viking  
  169  20:49  Thor  
  171  21:03  Missile Turret x3  
  171  21:04  Missile Turret x4  
  163  21:05  Missile Turret  
  163  21:08  Viking  
  163  21:09  Missile Turret x2, Viking  
  163  21:10  Thor, Missile Turret x3  
  163  21:11  Thor, Missile Turret x2  
  165  21:13  Terran Ship Weapons Level 2, Missile Turret  
  165  21:17  Viking  
  145  21:22  Refinery  
  145  21:23  Orbital Command  
  141  21:27  Refinery  
  141  21:34  Missile Turret  
  141  21:38  Viking  
  141  21:39  Viking  
  145  21:47  Viking  
  147  22:05  Siege Tank x4  
  159  22:08  Viking  
  159  22:09  Viking  
  163  22:17  Viking  
  159  22:37  Thor x4  
Tags
 
Add a new tag
Caveats
  • Supply blocks, unpowered buildings, or Contaminate may cause inaccurate times.
  • Supply counts are checked every 10 seconds.